 Dungeon Crawl Stone Soup version 0.29.1-15-g9cfb28693d (webtiles) character file.

Game seed: 3866672145899316414

7191 raph the Basher (level 10, -3/92 HPs)
             Began as a Minotaur Monk on Apr 23, 2023.
             Was an Elder of Makhleb.
             Slain by a two-headed ogre
             ... wielding a +0 giant club
              (18 damage)
             ... on level 10 of the Dungeon.
             The game lasted 00:16:22 (14443 turns).

raph the Basher (Minotaur Monk)                    Turns: 14443, Time: 00:16:22

Health: -3/92      AC: 14    Str: 19    XL:     10   Next: 87%
Magic:  14/14      EV:  6    Int: 10    God:    Makhleb [****..]
Gold:   25         SH:  4    Dex: 14    Spells: 9/9 levels left

rFire   + . .      SeeInvis .   a - +1 morningstar (venom)
rCold   . . .      Faith    .   K - +0 buckler
rNeg    . . .      Spirit   .   P - +0 plate armour
rPois   .          Reflect  .   (helmet restricted)
rElec   +          Harm     .   h - +1 cloak
rCorr   .          Rampage  .   (no gloves)
Will    +....                   r - +0 pair of boots
Stlth   ..........              (no amulet)
HPRegen 0.25/turn               j - ring of willpower
MPRegen 0.14/turn               B - ring "Iwicwunn" {rElec rF+ Int+3 Slay+4}

@: no status effects
A: horns 2, retaliatory headbutt
a: Renounce Religion, Minor Destruction, Lesser Servant of Makhleb, Major
Destruction


You were on level 10 of the Dungeon.
You worshipped Makhleb.
Makhleb was greatly pleased with you.
You visited 2 branches of the dungeon, and saw 11 of its levels.

You collected 381 gold pieces.
You spent 356 gold pieces at shops.

Inventory:

Hand Weapons
 a - a +1 morningstar of venom (weapon)
 L - a +0 whip of holy wrath
Missiles
 d - 22 poisoned darts (quivered)
 s - 5 boomerangs of dispersal
 x - 8 boomerangs
Armour
 h - a +1 cloak (worn)
 l - a +0 leather armour
 n - a +0 chain mail
 r - a +0 pair of boots (worn)
 D - a +0 robe
 K - a +0 buckler (worn)
 P - a +0 plate armour (worn)
Jewellery
 e - a ring of ice
 f - a ring of fire
 j - a ring of willpower (left hand)
 o - a ring of wizardry
 z - a ring of willpower
 B - the ring "Iwicwunn" (right hand) {rElec rF+ Int+3 Slay+4}
   (You acquired it on level 6 of the Dungeon)

   [ring of slaying]

   Int:       It affects your intelligence (+3).
   Slay:      It affects your accuracy & damage with ranged weapons and melee
   (+4).
   rF:        It protects you from fire.
   rElec:     It insulates you from electricity.
 F - a ring of protection from cold
 J - a ring of fire
Wands
 m - a wand of quicksilver (12)
 y - a wand of charming (9)
 C - a wand of flame (18)
 H - a wand of digging (5)
 M - a wand of iceblast (7)
Scrolls
 c - 6 scrolls of fear
 i - 3 scrolls of teleportation
 u - 2 scrolls of poison
 w - a scroll of brand weapon
 E - 3 scrolls of amnesia
 N - a scroll of identify
Potions
 b - a potion of berserk rage
 g - 4 potions of attraction
 k - 9 potions of curing
 p - 2 potions of brilliance
 q - a potion of invisibility
 t - 2 potions of might
 v - a potion of magic
 A - a potion of cancellation
 G - 3 potions of heal wounds
 I - a potion of haste
 O - a potion of mutation


   Skills:
 + Level 9.7 Fighting
 * Level 14.9 Maces & Flails
 + Level 2.5 Armour
 + Level 4.1 Dodging
 - Level 1.5 Stealth
 + Level 2.6 Shields
 + Level 7.4 Invocations


You had 9 spell levels left.
You didn't know any spells.
Your spell library contained the following spells:

 Spells                   Type           Power      Damage    Failure   Level
 Foxfire                  Conj/Fire      0%         2x1d4     100%        1
 Static Discharge         Conj/Air       0%         3-3/arc   100%        2
 Conjure Flame            Conj/Fire      0%         6-21      100%        3
 Frozen Ramparts          Ice            0%         1d1       100%        3
 Ignite Poison            Fire/Tmut/Pois 0%         N/A       100%        3
 Inner Flame              Hex/Fire       0%         N/A       100%        3
 Mephitic Cloud           Conj/Pois/Air  0%         N/A       100%        3
 Flame Wave               Conj/Fire      0%         2d4       100%        4
 Ice Form                 Ice/Tmut       0%         N/A       100%        4
 Summon Ice Beast         Ice/Summ       0%         N/A       100%        4
 Freezing Cloud           Conj/Ice/Air   0%         6-21      100%        5
 Lightning Bolt           Conj/Air       0%         1d11      100%        5
 Maxwell's Capacitive Co  Air            0%         ∞         100%        8


Dungeon Overview and Level Annotations

Branches:
Dungeon (10/15)            Temple (1/1) D:4
   Lair: D:8-11         Orc: D:9-12

Altars:
Cheibriados
Dithmenos
Elyvilon
Fedhas
Gozag
Kikubaaqudgha
Makhleb
Okawaru
Qazlal
Trog
Uskayaw
Vehumet
Wu Jian
Xom
Yredelemnul
Zin
The Shining One

Shops:
D:9 !*(!   D:10 *

Annotations:
D:9 2 runed translucent doors, Demos's ghost, novice VSFi
D:10 3 runed translucent doors, exclusion: 2 statues


Innate Abilities, Weirdness & Mutations

You have a pair of horns on your head.
You reflexively headbutt those who attack you in melee.


Message History

You barely miss the howler monkey. The howler monkey closely misses you.
You furiously retaliate!
You headbutt the howler monkey. You barely miss the howler monkey.
The howler monkey is lightly wounded.
The howler monkey barely misses you.
You closely miss the howler monkey.
The howler monkey is lightly wounded.
The howler monkey hoots and howls with incredible vigour!
You hit the howler monkey.
The howler monkey is poisoned.
You headbutt the howler monkey!
You kill the howler monkey!
Makhleb accepts your kill.
You feel better.
No target in view!
No target in view!
No target in view!
No target in view!
You start resting.
A two-headed ogre opens the door.
It is wielding a +0 giant club and a +0 giant spiked club.
There is an open door here.
You impale the two-headed ogre!! You headbutt the two-headed ogre!
The two-headed ogre is severely wounded.
The two-headed ogre hits you with a +0 giant club!!
You block the two-headed ogre's attack.
There is an open door here.
You hit the two-headed ogre.
The two-headed ogre is poisoned.
The two-headed ogre is severely wounded.
You block the two-headed ogre's attack.
The two-headed ogre hits you with a +0 giant spiked club!
The two-headed ogre attacks as you move away!
The two-headed ogre hits you with a +0 giant club!
* * * LOW HITPOINT WARNING * * *
The two-headed ogre hits you with a +0 giant spiked club!
* * * LOW HITPOINT WARNING * * *
You puncture the two-headed ogre!
The two-headed ogre looks as sick as possible!
The two-headed ogre is almost dead.
The two-headed ogre barely misses you.
The two-headed ogre hits you with a +0 giant spiked club!!
You die...

#..# 8.#..#.# #.##PPP##.#.#
######## #.'....|#.#.#
.......###.##PPP##.#.#
.......#....# 8.#....#
.......#....#####....#
.......#.............#
.......+....[...<....#
.......#########@....############
................O................
.................................
.................................
.................................
................>................
................##+####'####+####
................#................
................#................


You could see a two-headed ogre (extremely poisoned).

Vanquished Creatures
  A two-headed ogre (D:10)
  Psyche (D:8)
  2 trolls
  Prince Ribbit (D:6)
  Grinder (D:6)
  Sigmund (D:2)
  11 yaks
  2 steam dragons (D:8)
  A water moccasin (D:9)
  2 black bears (D:6)
  2 orc warriors (D:9)
  3 centaurs
  2 ogres
  2 phantoms
  2 kobold brigands
  4 gnoll sergeants
  A bullfrog (D:6)
  2 necrophages
  2 scorpions
  8 wights
  A jelly (D:5)
  6 killer bees
  7 electric eels (D:7)
  2 howler monkeys
  2 orc priests
  A gnoll bouda (D:8)
  Crazy Yiuf (D:2)
  4 hounds
  3 iguanas
  Ijyb (D:5)
  7 orc wizards
  17 gnolls
  3 white imps (D:6)
  A dart slug (D:1)
  25 orcs
  4 bats
  4 endoplasms
  3 giant cockroaches (D:1)
  12 goblins
  9 hobgoblins
  4 jackals (D:1)
  A quokka (D:5)
  8 ball pythons
  5 frilled lizards
  7 kobolds
  5 rats
194 creatures vanquished.

Vanquished Creatures (others)
  An orc wizard (D:4)
  13 fungi
  2 plants (D:7)
16 creatures vanquished.

Grand Total: 210 creatures vanquished

Notes
Turn   | Place    | Note
-------+----------+-------------------------------------------
     0 | D:1      | raph the Minotaur Monk began the quest for the Orb.
     0 | D:1      | Reached XP level 1. HP: 19/19 MP: 0/0
    30 | D:1      | Reached skill level 4 in Maces & Flails
   113 | D:1      | Reached XP level 2. HP: 25/26 MP: 1/1
   482 | D:1      | Reached skill level 5 in Maces & Flails
   819 | D:1      | Reached XP level 3. HP: 30/31 MP: 2/2
  1356 | D:2      | Noticed Sigmund
  1408 | D:2      | Noticed a phantom
  1712 | D:3      | Noticed an ogre
  2368 | D:2      | Killed a phantom
  2369 | D:2      | Reached skill level 6 in Maces & Flails
  2369 | D:2      | Reached XP level 4. HP: 24/39 MP: 3/3
  3280 | D:3      | Killed an ogre
  3281 | D:3      | Reached skill level 7 in Maces & Flails
  3281 | D:3      | Reached XP level 5. HP: 44/45 MP: 4/4
  3908 | D:4      | Noticed a phantom
  3953 | D:4      | HP: 2/45 [orc/+0 hand axe (7)]
  3970 | D:4      | HP: 3/67 [phantom (1)]
  3980 | D:4      | Killed a phantom
  3981 | D:4      | Reached skill level 8 in Maces & Flails
  3981 | D:4      | Reached XP level 6. HP: 6/51 MP: 5/5
  3988 | D:4      | HP: 3/76 [something (1)]
  4424 | D:4      | Found a staircase to the Ecumenical Temple.
  4435 | Temple   | Entered the Ecumenical Temple
  4660 | Temple   | Became a worshipper of Makhleb the Destroyer
  4660 | Temple   | Reached * piety under Makhleb
  4660 | Temple   | Reached ** piety under Makhleb
  5423 | D:5      | Entered Level 5 of the Dungeon
  5500 | D:5      | Reached skill level 1 in Invocations
  5507 | D:5      | Reached skill level 9 in Maces & Flails
  5693 | D:5      | Reached XP level 7. HP: 59/59 MP: 7/7
  6117 | D:5      | Noticed Ijyb
  6130 | D:5      | Killed Ijyb
  6432 | D:6      | Reached skill level 5 in Fighting
  6458 | D:6      | Reached skill level 10 in Maces & Flails
  6534 | D:6      | Reached XP level 8. HP: 69/69 MP: 9/9
  6658 | D:6      | Noticed Grinder
  6678 | D:6      | Killed Grinder
  6877 | D:6      | Noticed Prince Ribbit
  6899 | D:6      | Killed Prince Ribbit
  6900 | D:6      | Reached skill level 11 in Maces & Flails
  7752 | D:6      | Identified a scroll of acquirement
  7752 | D:6      | Acquired the ring "Iwicwunn" {rElec rF+ Int+3 Slay+4}
  8165 | D:2      | Found a runed translucent door.
  8166 | D:2      | Noticed Crazy Yiuf
  8170 | D:2      | Killed Crazy Yiuf
  8451 | D:2      | Killed Sigmund
  9084 | D:7      | Reached *** piety under Makhleb
  9087 | D:7      | Reached XP level 9. HP: 78/78 MP: 11/11
  9114 | D:7      | Reached skill level 12 in Maces & Flails
  9303 | D:7      | Reached skill level 5 in Invocations
 10423 | D:8      | Reached skill level 13 in Maces & Flails
 11391 | D:8      | Noticed Psyche
 11394 | D:8      | Killed Psyche
 11395 | D:8      | Reached XP level 10. HP: 90/90 MP: 13/13
 11403 | D:8      | Found a white marble altar of Elyvilon.
 11529 | D:7      | Reached skill level 14 in Maces & Flails
 11590 | D:7      | Reached **** piety under Makhleb
 12015 | D:9      | Found Veafinku's Distillery.
 12020 | D:9      | Bought a potion of haste for 160 gold pieces
 12020 | D:9      | Bought a potion of heal wounds for 80 gold pieces
 12051 | D:9      | Found Gum Rorgh's Weapon Emporium.
 12653 | D:9      | Found a runed translucent door.
 12796 | D:9      | Noticed a tengu warrior
 12796 | D:9      | Noticed a wolf spider
 12799 | D:9      | Noticed a salamander
 12802 | D:9      | Noticed a death drake
 12802 | D:9      | a salamander changed into a death drake
 12804 | D:9      | Noticed a cyclops
 12804 | D:9      | a death drake changed into a cyclops
 12806 | D:9      | Noticed a salamander
 12806 | D:9      | a cyclops changed into a salamander
 12842 | D:9      | Found Ohank's Assorted Antiques.
 12851 | D:9      | Bought a scroll of fear for 116 gold pieces
 12870 | D:9      | Reached skill level 1 in Armour
 12870 | D:9      | Reached skill level 1 in Shields
 13047 | D:9      | Found Ifohuj's Distillery.
 13475 | D:9      | Found a runed translucent door.
 13475 | D:9      | Noticed Demos's ghost (novice VSFi)
 13475 | D:9      | Noticed a centaur warrior
 13668 | D:9      | Noticed a moth of wrath
 13673 | D:9      | Noticed an eye of devastation
 13677 | D:9      | an eye of devastation changed into a redback
 13715 | D:10     | Entered Level 10 of the Dungeon
 13715 | D:10     | Found Palug's Practical Paraphernalia.
 13977 | D:10     | Found a runed translucent gate.
 13978 | D:10     | Found a runed translucent gate.
 13981 | D:10     | Found a runed translucent gate.
 13981 | D:10     | Noticed a green ugly thing
 13982 | D:10     | Noticed a red ugly thing
 13982 | D:10     | Noticed a cyan ugly thing
 13982 | D:10     | Noticed a brown ugly thing
 13983 | D:10     | Noticed a glowing orange brain
 14004 | D:10     | Found a stormy altar of Qazlal.
 14025 | D:10     | Noticed a two-headed ogre
 14051 | D:10     | Killed a two-headed ogre
 14210 | D:10     | Identified the +12 trident of Evolution {vorpal, rC+}
 14245 | D:10     | Noticed an archer statue
 14247 | D:10     | Noticed an archer statue
 14426 | D:10     | Noticed a two-headed ogre
 14443 | D:10     | Slain by a two-headed ogre

Illustrated notes

Levels and vault maps discovered:
D:1:      dpeg_arrival_long_road, layout_loops_cross
D:2:      kennysheep_the_goblin_king, layout_loops_cross, uniq_sigmund,
          uniq_crazy_yiuf_cottage
D:3:      layout_basic
D:4:      layout_cave_pods, minmay_temple_entry_trees
D:5:      layout_gridville, minivault_25, uniq_ijyb
D:6:      layout_basic, serial_corexii_hall, corexii_hall_statues_i,
          chequers_hall_statues_wall_a, uniq_prince_ribbit1, uniq_grinder
D:7:      layout_loops_corners, serial_bayou_lake_a
D:8:      layout_rooms, mainiacjoe_overflow_cross_hatched,
          reono_crystal_passage, uniq_psyche
D:9:      layout_irregular_city, serial_shops, nicolae_square_shop,
          nicolae_lakefront_shop, shop, nicolae_shop_behind_doors,
          ebering_ghost_inner_flame, wad_hexagon
D:10:     minmay_chambers_of_sixes, layout_gridville,
          nicolae_qazlal_general_emergency, chequers_temple_overflow_minitemple,
          ploomutoo_gammafunk_ghost_potion_laboratory, nicolae_alphabet_shops,
          minmay_dual_archer_statues
Temple:   bh_familiar_temple

Skill      XL: |  1  2  3  4  5  6  7  8  9 10 |
---------------+-------------------------------+-----
Maces & Flails | 4 5 6 7 8 9 10 11 13 14 | 14.9
Fighting       | 4 5 6 8 9 |  9.7
Invocations    | 1 3 4 6 7 |  7.4
Armour         | 2 |  2.5
Shields        | 2 |  2.6
Dodging        | 4 |  4.1
Stealth        | |  1.5

Action                   |  1- 3 |  4- 6 |  7- 9 | 10-12 || total
-------------------------+-------+-------+-------+-------++-------
Melee: Mace              |   102 |    11 |       |       ||   113
       Headbutt          |    12 |    16 |    41 |    28 ||    97
       Punch             |     3 |       |     2 |       ||     5
       Morningstar       |       |    78 |   229 |   132 ||   439
 Fire: Shortbow          |       |       |     3 |       ||     3
Throw: Dart              |       |       |    13 |     4 ||    17
Invok: Minor Destruction |       |       |     4 |       ||     4
Evoke: Wand              |       |     1 |       |       ||     1
  Use: Scroll            |     9 |     9 |     5 |     8 ||    31
       Potion            |       |     5 |       |       ||     5
 Stab: Sleeping          |     5 |     1 |       |       ||     6
Armor: Robe              |     6 |       |       |       ||     6
       Leather armour    |     8 |    11 |       |       ||    19
       Skin              |       |    23 |       |       ||    23
       Chain mail        |       |    19 |    88 |    39 ||   146
       Plate armour      |       |       |       |    16 ||    16
Dodge: Dodged            |    78 |    39 |    78 |    45 ||   240
Block: Buckler           |       |       |     3 |    30 ||    33
